 Dungeon Sprint DCSS version 0.21-a0-39-g28ea6b7 (webtiles) character file.

969 Kidiri the Thaumaturge (level 7, -9/42 (44) HPs)
             Began as a Deep Elf Fire Elementalist on June 1, 2017.
             Mangled by a skeletal warrior
             ... wielding a +0 halberd
              (26 damage)
             ... in the Dungeon (Sprint II: "The Violet Keep of Menkaure").
             The game lasted 00:02:37 (834 turns).

Kidiri the Thaumaturge (Deep Elf Fire Elementalist)  Turns: 834, Time: 00:02:38

HP:   -9/42 (44)    AC:  2    Str:  5    XL:     7   Next: 94%
MP:   6/24          EV: 17    Int: 22    God:
Gold: 972           SH:  0    Dex: 15    Spells: 12/30 levels left

rFire    . . .     SeeInvis .   (no weapon)
rCold    . . .     Gourm    .   (no shield)
rNeg     . . .     Faith    .   a - +0 robe
rPois    .         Spirit   .   (no helmet)
rElec    .         Reflect  .   (no cloak)
rCorr    .         Harm     .   (no gloves)
MR       .....     NoTele   +   (no boots)
Stlth    ++........             (no amulet)
Regen    0.2/turn               (no ring)
MPRegen  0.2/turn               (no ring)

@: no status effects
A: no striking features
a: no special abilities


You were in the Dungeon.
You were not hungry.

You visited 1 branch You collected 972 gold pieces.

Inventory:

Armour
 a - a +0 robe (worn)
Scrolls
 i - a scroll of blinking
Potions
 f - a potion of haste
 h - a potion of berserk rage
Books
 b - a book of Flames

   Spells                             Type                      Level
   a - Flame Tongue                   Conjuration/Fire             1
   b - Throw Flame                    Conjuration/Fire             2
   c - Conjure Flame                  Conjuration/Fire             3
   d - Inner Flame                    Hexes/Fire                   3
   e - Sticky Flame                   Conjuration/Fire             4
   f - Fireball                       Conjuration/Fire             5
Comestibles
 c - a bread ration


   Skills:
 + Level 5.3 Fighting
 + Level 5.3 Armour
 + Level 8.1 Dodging
 - Level 2.4 Stealth
 * Level 12.3 Spellcasting
 + Level 7.1 Conjurations
 + Level 7.9 Fire Magic


You had 12 spell levels left.
You knew the following spells:

 Your Spells              Type           Power        Failure   Level  Hunger
a - Flame Tongue          Conj/Fire      #####        1%          1    None
b - Throw Flame           Conj/Fire      #####.       1%          2    None
c - Conjure Flame         Conj/Fire      #####...     1%          3    None
d - Inner Flame           Hex/Fire       ####....     2%          3    None
e - Sticky Flame          Conj/Fire      #####...     1%          4    None
f - Fireball              Conj/Fire      #####.....   6%          5    ####...


Dungeon Overview and Level Annotations

Branches:
Dungeon (1/1)

Altars:

Annotations:
D exclusion: Roxanne, Roxanne


Message History

Aim: a skeletal warrior, wielding a halberd (heavily damaged)
The flame tongue hits the skeletal warrior.
The skeletal warrior is severely damaged.
Casting: Flame Tongue
Confirm with . or Enter, or press ? or * to list all spells.
Aiming: Flame Tongue
Press: ? - help, Shift-Dir - straight line, f/p - skeletal warrior
Aim: a skeletal warrior, wielding a halberd (severely damaged)
The flame tongue misses the skeletal warrior.
The skeletal warrior hits you from afar with a halberd.
Casting: Flame Tongue
Confirm with . or Enter, or press ? or * to list all spells.
Aiming: Flame Tongue
Press: ? - help, Shift-Dir - straight line, f/p - skeletal warrior
Aim: a skeletal warrior, wielding a halberd (severely damaged)
The flame tongue hits the skeletal warrior.
The skeletal warrior is severely damaged.
The skeletal warrior hits you from afar with a halberd!!
Ouch! That really hurt!
You die...

#โ‰ˆโ‰ˆ#####.#####
#โ‰ˆ##.# #'###.##
# #...##.##...#
+###'.<.'##.+
#...##.##.###
##.###'###.#
####z#z####
#..#..# ##.ยง@##
##+##


You could see a skeletal warrior.

Vanquished Creatures
  2 tyrant leeches (D)
  Menkaure (D)
  4 necrophages (D)
  4 worker ants (D)
  3 worms (D)
14 creatures vanquished.

Vanquished Creatures (others)
  A crocodile (D)
1 creature vanquished.

Grand Total: 15 creatures vanquished

Notes
Turn   | Place    | Note
-------+----------+-------------------------------------------
     0 | D        | Kidiri the Deep Elf Fire Elementalist began the quest for the Orb.
     0 | D        | Reached XP level 1. HP: 10/10 MP: 6/6
     1 | D        | Noticed a worker ant
     1 | D        | Noticed a worker ant
     5 | D        | Noticed a tyrant leech
     5 | D        | Noticed a tyrant leech
     9 | D        | Noticed a necrophage
     9 | D        | Noticed a necrophage
     9 | D        | Noticed a necrophage
     9 | D        | Noticed a necrophage
    18 | D        | Killed a necrophage
    18 | D        | Reached skill level 6 in Spellcasting
    18 | D        | Reached XP level 2. HP: 14/17 MP: 5/11
    18 | D        | Reached XP level 3. HP: 17/21 MP: 5/13
    18 | D        | Reached XP level 4. HP: 22/26 MP: 5/14
    28 | D        | Killed a necrophage
    28 | D        | Reached skill level 5 in Dodging
    28 | D        | Reached skill level 8 in Spellcasting
    28 | D        | Reached skill level 5 in Fire Magic
    28 | D        | Reached XP level 5. HP: 9/31 MP: 11/17
    38 | D        | Killed a necrophage
    38 | D        | Reached skill level 9 in Spellcasting
    38 | D        | Reached skill level 5 in Conjurations
    41 | D        | Killed a necrophage
    41 | D        | Reached XP level 6. HP: 12/36 MP: 1/20
    45 | D        | Learned a level 2 spell: Throw Flame
    49 | D        | Learned a level 3 spell: Conjure Flame
    53 | D        | Learned a level 3 spell: Inner Flame
    58 | D        | Learned a level 4 spell: Sticky Flame
    64 | D        | Learned a level 5 spell: Fireball
   300 | D        | Reached skill level 10 in Spellcasting
   492 | D        | Killed a tyrant leech
   492 | D        | Reached skill level 11 in Spellcasting
   492 | D        | Reached XP level 7. HP: 42/42 MP: 11/23
   500 | D        | Killed a tyrant leech
   500 | D        | Reached skill level 5 in Fighting
   500 | D        | Reached skill level 5 in Armour
   500 | D        | Reached skill level 12 in Spellcasting
   697 | D        | Noticed Roxanne
   699 | D        | Noticed Menkaure
   701 | D        | Killed Menkaure
   812 | D        | Noticed a skeletal warrior
   834 | D        | Mangled by a skeletal warrior

Vault maps used:
D:        the_violet_keep_of_menkaure

Skill      XL: |  1  2  3  4  5  6  7 |
---------------+----------------------+-----
Fighting       | 2 3 4 5 |  5.3
Armour         | 2 3 4 5 |  5.3
Dodging        | 4 5 6 7 8 |  8.1
Spellcasting   | 6 8 9 11 12 | 12.3
Conjurations   | 3 4 5 6 7 |  7.1
Fire Magic     | 4 5 6 7 |  7.9
Stealth        | |  2.4

Action                   |  1- 3 |  4- 6 |  7- 9 || total
-------------------------+-------+-------+-------++-------
Melee: Unarmed           |       |       |     1 ||     1
 Cast: Flame Tongue      |     6 |    46 |    13 ||    65
       Conjure Flame     |       |     3 |     5 ||     8
       Sticky Flame      |       |     2 |     2 ||     4
  Use: Potion            |     2 |     2 |       ||     4
Armor: Robe              |       |     2 |       ||     2
Dodge: Dodged            |     4 |    15 |     5 ||    24
